 Dungeon Crawl Stone Soup version 0.30.1-3-gfc49f6343a (webtiles) character file.

Game seed: 14947465612811517697

95 Descartes the Shield-Bearer (level 4, -3/37 HPs)
             Began as a Formicid Fighter on Aug 2, 2023.
             Slain by a gnoll
             ... wielding a +0 halberd
              (8 damage)
             ... on level 2 of the Dungeon.
             The game lasted 00:04:13 (1404 turns).

Descartes the Shield-Bearer (Formicid Fighter)      Turns: 1404, Time: 00:04:13

Health: -3/37      AC:  9    Str: 22    XL:     4   Next: 97%
Magic:  4/4        EV:  8    Int:  8    God:
Gold:   118        SH:  5    Dex: 13    Spells: 3/3 levels left

rFire   . . .        f - +1 whip (elec)
rCold   . . .        c - +0 buckler
rNeg    . . .        r - +0 chain mail
rPois   .            (helmet unavailable)
rElec   .            (no cloak)
rCorr   .            (no gloves)
SInv    +            (no boots)
Will    .....        (no amulet) Stlth
                     (no ring)
HPRegen 0.26/turn    (no ring)
MPRegen 0.09/turn

%: no passive effects
@: no status effects
A: permanent stasis, dig shafts and tunnels, antennae 3, four strong arms
a: Dig, Shaft Self


You were on level 2 of the Dungeon.
You visited 1 branch of the dungeon, and saw 2 of its levels.

You collected 118 gold pieces.

Inventory:

Hand Weapons
 a - a +0 war axe
 f - a +1 whip of electrocution (weapon)
Missiles
 i - 5 javelins
Armour
 c - a +0 buckler (worn)
 r - a +0 chain mail (worn)
Scrolls
 e - a scroll of amnesia {unknown}
 g - a scroll of enchant armour {unknown}
 h - 2 scrolls of noise {unknown}
 j - 4 scrolls of teleportation {unknown}
 k - a scroll of acquirement {unknown}
 m - a scroll of enchant weapon {unknown}
 q - 2 scrolls of identify {unknown}
Potions
 d - a potion of might
 l - a potion of berserk rage {unknown}
 n - a potion of flight {unknown}
 o - a potion of magic {unknown}
 p - a potion of degeneration {unknown}


   Skills:
 + Level 3.9 Fighting
 + Level 2.6(2.7) Axes
 + Level 0.9(1.9) Maces & Flails
 + Level 3.8 Armour
 + Level 4.6 Shields
 + Level 1.3 Translocations


You had 3 spell levels left.
You didn't know any spells.
Your spell library was empty.

Dungeon Overview and Level Annotations

Branches:
Dungeon (2/15)

Altars:


Innate Abilities, Weirdness & Mutations

You cannot be hasted, slowed, berserked, paralysed or teleported.
You can dig through walls and to a lower floor.
You have a pair of large antennae on your head. (SInv)
Your four strong arms can wield two-handed weapons with a shield.


Message History

You climb downwards.
There is a stone staircase leading up here.
The gnoll shouts!
A gnoll is nearby!
The adder hisses angrily.
The gnoll shouts! x2
The gnoll hits you with a +0 flail.
You hit the gnoll. Lightning courses through the gnoll!
You kill the gnoll!
The gnoll hits you from afar with a +0 halberd!
You block the gnoll's attack.
You completely miss the adder. The adder closely misses you.
The gnoll hits you but does no damage. You block the gnoll's attack.
You miss the adder. You block the adder's attack.
The adder bites you but does no damage. You block the gnoll's attack.
The gnoll barely misses you.
You hit the adder. Lightning courses through the adder!
You kill the adder!
The gnoll hits you from afar with a +0 halberd!
The gnoll barely misses you. You block the gnoll's attack.
The gnoll hits you with a +0 spear.
You see here a +0 flail.
You hit the gnoll but do no damage. The gnoll hits you but does no damage.
The gnoll hits you with a +0 spear.
You are too injured to fight recklessly!
You are too injured to fight recklessly!
You are too injured to fight recklessly!
You are too injured to fight recklessly!
You are too injured to fight recklessly!
You are too injured to fight recklessly!
You are too injured to fight recklessly!
Unknown command.
You hit the gnoll.
The gnoll is heavily wounded.
The gnoll hits you with a +0 halberd.
* * * LOW HITPOINT WARNING * * *
The gnoll hits you with a +0 spear.
* * * LOW HITPOINT WARNING * * *
Unknown command.
The gnoll hits you from afar with a +0 halberd!
You die...

#.####.#
#.###.#.....#.#
....##.#
#...........#.#
....##.#
#.#.....###.#.#
....##.#
#........##.#.#
.......#
#...[.........#
.......#
##...<...##.###
....>..#
##.gg..###.#
.......# ##.).##
#.. #......# ##@##
#### .......# #.#
###....# #.#
##.....#########.#
#.......#........#
[>........########
..........#
.........##
#.......##


You could see 2 gnolls.

Vanquished Creatures
  2 gnolls (D:2)
  4 adders (D:2)
  2 dart slugs (D:1)
  3 bats
  3 goblins (D:1)
  7 hobgoblins
  3 kobolds
  2 quokkas (D:2)
  3 ball pythons (D:1)
  5 frilled lizards
  A rat (D:2)
35 creatures vanquished.

Notes
Turn   | Place    | Note
-------+----------+-------------------------------------------
     0 | D:1      | Descartes the Formicid Fighter began the quest for the Orb.
     0 | D:1      | Reached XP level 1. HP: 18/18 MP: 1/1
   280 | D:1      | Reached XP level 2. HP: 22/24 MP: 2/2
   453 | D:1      | Reached XP level 3. HP: 29/29 MP: 3/3
   734 | D:2      | Reached skill level 1 in Translocations
   953 | D:2      | Reached XP level 4. HP: 33/37 MP: 4/4
  1404 | D:2      | Slain by a gnoll

Illustrated notes

Levels and vault maps discovered:
D:1:      scummos_arrival_hexagon, layout_loops_ring
D:2:      layout_loops_ring, st_stairs_2

Skill      XL: |  1  2  3 |
---------------+----------+-----
Translocations | 1 |  1.3
Fighting       | |  3.9
Axes           | |  2.6
Maces & Flails | |  0.9
Armour         | |  3.8
Shields        | |  4.6

Action                     |  1- 3 |  4- 6 || total
---------------------------+-------+-------++-------
  Melee: Whip              |    94 |    23 ||   117
         War axe           |     1 |       ||     1
 Armour: Scale mail        |    19 |       ||    19
         Chain mail        |    17 |    15 ||    32
  Dodge: Dodged            |    39 |     9 ||    48
  Block: Buckler           |    20 |    11 ||    31
